 Dungeon Crawl Stone Soup version 0.30-a0-585-g93115170b9 (webtiles) character file.

Game seed: 12590280592410098946

77 pokeman the Magician (level 4, -5/25 HPs)
             Began as a Deep Elf Hedge Wizard on Jan 1, 2023.
             Killed by divine providence
             ... invoked by an orc priest
              (12 damage)
             ... on level 3 of the Dungeon on Jan 2, 2023.
             The game lasted 00:04:38 (2097 turns).

pokeman the Magician (Deep Elf Hedge Wizard)        Turns: 2097, Time: 00:04:38

Health: -5/25      AC:  2    Str:  7    XL:     4   Next: 13%
Magic:  6/13       EV: 12    Int: 21    God:
Gold:   154        SH:  0    Dex: 14    Spells: 6/14 levels left

rFire   . . .      SeeInvis .    o - +0 long sword
rCold   . . .      Faith    .    (no shield)
rNeg    . . .      Spirit   .    b - +0 robe
rPois   .          Reflect  .    c - +0 hat
rElec   .          Harm     .    (no cloak)
rCorr   .          Rampage  .    (no gloves)
Will    .....                    (no boots)
Stlth   ++                       (no amulet)
HPRegen 0.24/turn                (no ring)
MPRegen 0.13/turn                (no ring)

@: no status effects
A: no striking features
a: no special abilities


You were on level 3 of the Dungeon.
You visited 1 branch of the dungeon, and saw 3 of its levels.

You collected 154 gold pieces.

Inventory:

Hand Weapons
 o - a +0 long sword (weapon)
Missiles
 l - a throwing net
Armour
 b - a +0 robe (worn)
 c - a +0 hat (worn)
Magical Staves
 g - a staff of earth
 i - a staff of cold
Scrolls
 h - a scroll of vulnerability {unknown}
 k - a scroll of magic mapping {unknown}
 n - 2 scrolls of fear {unknown}
Potions
 a - a potion of might {unknown}
 d - a potion of magic
 e - 2 potions of berserk rage {unknown}
 f - 2 potions of degeneration {unknown}
 j - 2 potions of curing {unknown}
 m - a potion of flight {unknown}
 p - a potion of resistance {unknown}
 q - a potion of attraction {unknown}


   Skills:
 - Level 1.1 Fighting
 - Level 1.1 Armour
 + Level 2.4 Dodging
 + Level 2.4 Stealth
 * Level 5.5 Spellcasting
 + Level 2.1 Conjurations
 - Level 1.1 Summonings
 - Level 1.1 Translocations


You had 6 spell levels left.
You knew the following spells:

 Your Spells              Type           Power      Damage    Failure   Level
a - Magic Dart            Conj           56%        1d5       4%          1
b - Mephitic Cloud        Conj/Pois/Air  8%         N/A       22%         3
c - Call Imp              Summ           10%        N/A       10%         2
d - Blink                 Tloc           20%        N/A       10%         2

Your spell library contained the following spells:

 Spells                   Type           Power      Damage    Failure   Level
 Beastly Appendage        Tmut           10%        N/A       11%         1
 Slow                     Hex            20%        N/A       11%         1
 Cigotuvi's Dreadful Rot  Necr/Pois/Air  10%        N/A       16%         2
 Wereblood                Tmut           5%         N/A       16%         2
 Spider Form              Tmut/Pois      5%         N/A       30%         3


Dungeon Overview and Level Annotations

Branches:
Dungeon (3/15)

Altars:


Message History

Aiming: Magic Dart (safe; 4% risk of failure)
Press: ? - help, Shift-Dir - straight line, f/p - orc
Aim: an orc, wielding a +0 war axe and wearing a +0 ring mail (moderately wounded, 100% to hit)
The magic dart hits the giant cockroach.
The giant cockroach is almost dead.
The giant cockroach bites you.
You slash the giant cockroach!
You kill the giant cockroach!
An orc priest comes into view. It is wielding a +0 club.
The orc misses you.
You barely miss the orc.
The orc is moderately wounded.
The orc hits you with a +0 war axe.
The orc priest miscasts a cantrip.
A gnoll comes into view. It is wielding a +0 club.
The gnoll shouts!
You hit the orc.
The orc is almost dead.
The orc hits you with a +0 war axe!
You hit the orc.
You kill the orc!
A gnoll comes into view. It is wielding a +0 spear.
The orc hits you with a +0 dagger.
Casting: Magic Dart (safe; 4% risk of failure)
Confirm with . or Enter, or press ? or * to list all spells.
A beastly little devil appears in a puff of frigid air.
The gnoll shouts!
A gnoll comes into view. It is wielding a +0 spear.
The orc hits you with a +0 dagger.
* * * LOW HITPOINT WARNING * * *
You swap places.
The orc barely misses your white imp.
Your white imp hits the orc.
Your white imp freezes the orc.
Your magical contamination has completely faded away.
The orc hits your white imp with a +0 dagger.
Your white imp gestures at the orc.
The puff of frost hits the orc!
The orc dies!
The orc priest invokes the aid of Beogh against you.
Beogh smites you!
You die...

### ...# ..#
########!# .#
...#...5S.o.#
#.#.#.#@#####..#
#...†...)..g..>..g
#.#..##.#####..# #
.##. #.....# #.
##.###.# .. ##..#
# #..## #.## ##.#


You could see an orc priest, a gnoll, a ball python (ally target) and a friendly
white imp (summoned).

Vanquished Creatures
  An adder (D:2)
  2 adder zombies
  A worm (D:2)
  3 orcs (D:3)
  A bat zombie (D:2)
  4 endoplasms (D:2)
  3 giant cockroaches
  6 goblins
  3 hobgoblins
  A quokka (D:1)
  5 ball pythons
  A ball python skeleton (D:2)
  3 bats
  6 frilled lizards
  A giant cockroach zombie (D:2)
  3 kobolds (D:1)
  A quokka skeleton (D:2)
  6 rats
51 creatures vanquished.

Vanquished Creatures (collateral kills)
  An orc (D:3)
1 creature vanquished.

Grand Total: 52 creatures vanquished

Notes
Turn   | Place    | Note
-------+----------+-------------------------------------------
     0 | D:1      | pokeman the Deep Elf Hedge Wizard began the quest for the
                  | Orb.
     0 | D:1      | Reached XP level 1. HP: 10/10 MP: 7/7
   162 | D:1      | Reached XP level 2. HP: 15/15 MP: 6/9
   656 | D:1      | Reached skill level 5 in Spellcasting
   999 | D:2      | Reached XP level 3. HP: 20/20 MP: 6/11
  1003 | D:2      | Learned a level 3 spell: Mephitic Cloud
  1006 | D:2      | Learned a level 2 spell: Call Imp
  1009 | D:2      | Learned a level 2 spell: Blink
  1152 | D:2      | Reached skill level 1 in Fighting
  1337 | D:2      | Reached skill level 1 in Armour
  1979 | D:3      | Reached XP level 4. HP: 25/25 MP: 3/13
  2097 | D:3      | Killed from afar by an orc priest

Illustrated notes

Levels and vault maps discovered:
D:1:      scummos_arrival_star, layout_rooms
D:2:      layout_basic, serial_undead, serial_undead_d, serial_undead_f,
          serial_undead_d, serial_undead_f
D:3:      layout_basic, nicolae_ru_great_annihilating_truth, minmay_checkerbox,
          uniq_terence

Skill      XL: |  1  2  3 |
---------------+----------+-----
Spellcasting   | 5 |  5.5
Fighting       | 1 |  1.1
Armour         | 1 |  1.1
Conjurations   | 2 |  2.1
Dodging        | |  2.4
Stealth        | |  2.4
Summonings     | |  1.1
Translocations | |  1.1

Action                   |  1- 3 |  4- 6 || total
-------------------------+-------+-------++-------
Melee: Long sword        |     7 |     7 ||    14
 Cast: Magic Dart        |   113 |     8 ||   121
       Mephitic Cloud    |     1 |       ||     1
       Call Imp          |       |     1 ||     1
 Stab: Confused          |     2 |       ||     2
       Sleeping          |     1 |       ||     1
Armor: Robe              |     7 |     1 ||     8
Dodge: Dodged            |    22 |     5 ||    27

Table legend: (Time is in decaauts)
 A = Elapsed time spent in this place.
 B = Non-inter-level travel time spent in this place.
 C = Inter-level travel time spent in this place.
 D = Time resting spent in this place.
 E = Time spent auto-exploring this place.
 F = Levels seen in this place.
 G = Mean time per level.
                   A        B        C        D        E       F      G
               +--------+--------+--------+--------+--------+-----+--------+
         Total |   2102 |   2052 |     50 |     73 |   1700 |   3 |  700.7 |
       Dungeon |   2102 |   2052 |     50 |     73 |   1700 |   3 |  700.7 |
               +--------+--------+--------+--------+--------+-----+--------+

Top non-repeatable levels by time:
     D:2: 1021 daAuts
     D:1: 830 daAuts
     D:3: 251 daAuts
